Map: Moonlight Madness LE (Void)

Players

rocksteady

  • Race: Protoss Protoss
  • League: Bronze

wabbajack - Winner!

  • Race: Zerg Zerg
  • League: Gold

VOD

Have the link to the VOD?

Description

Time

  • Played on: July 19, 2015, 8:36 p.m.
  • Length: 5:05
Show
View Real Time Build Order
Export as new Build Order

rocksteady Protoss 

Build Orders: 1 Gate Expand, Oracle Opening 

Get SALT Encoding   

  12  0:00  Probe  
  13  0:14  Pylon  
  13  0:18  Probe  
  14  0:35  Gateway  
  14  0:37  Probe (Chrono Boost)  
  15  0:43  Assimilator  
  15  0:49  Probe (Chrono Boost)  
  16  0:56  Probe (Chrono Boost)  
  17  1:00  Pylon  
  17  1:31  Nexus  
  17  1:47  Cybernetics Core  
  17  1:52  Probe (Chrono Boost)  
  18  2:00  Pylon  
  19  2:02  Probe (Chrono Boost)  
  19  2:09  Probe  
  19  2:12  Zealot  
  22  2:25  Stargate  
  22  2:30  Assimilator  
  22  2:42  Warp Gate (Chrono Boost)  
  22  2:54  Probe (Chrono Boost)  
  23  3:04  Probe (Chrono Boost), Pylon  
  23  3:05  Probe (Chrono Boost)  
  25  3:07  Pylon  
  25  3:16  Oracle (Chrono Boost)  
  28  3:20  Pylon  
  28  3:21  Probe (Chrono Boost)  
  29  3:31  Probe (Chrono Boost)  
  30  3:39  Probe  
  30  3:40  Forge  
  31  3:59  Gateway  
  31  4:00  Gateway  
  31  4:03  Pylon  
  31  4:05  Probe (Chrono Boost)  
  33  4:14  Probe (Chrono Boost)  
  33  4:15  Probe (Chrono Boost)  
  19  4:32  Probe (Chrono Boost)  
  19  4:35  Oracle (Chrono Boost)  
  18  4:43  Probe (Chrono Boost)  
  20  4:47  Probe (Chrono Boost)  
  21  4:54  Probe (Chrono Boost)  
  21  4:55  Probe (Chrono Boost)  
Show
View Real Time Build Order
Export as new Build Order

wabbajack Zerg - Winner!

Build Orders: Hatch First 

Get SALT Encoding   

  12  0:01  Drone  
  13  0:14  Overlord  
  13  0:26  Drone  
  14  0:29  Extractor  
  14  0:30  Drone  
  14  0:31  Drone, Extractor  
  16  0:41  Drone  
  17  0:58  Hatchery  
  17  1:03  Extractor  
  15  1:04  Drone  
  15  1:06  Drone  
  17  1:11  Drone  
  18  1:27  Spawning Pool  
  18  1:30  Extractor  
  16  1:40  Drone x2  
  16  1:41  Drone  
  19  1:59  Overlord  
  19  2:08  Drone  
  20  2:11  Drone  
  20  2:13  Queen  
  23  2:16  Metabolic Boost  
  23  2:24  Pneumatized Carapace  
  23  2:37  Zergling x2  
  23  2:38  Zergling x6  
  27  2:45  Baneling Nest  
  26  2:53  Queen  
  28  3:13  Zergling x4  
  28  3:14  Zergling x4  
  32  3:29  Baneling  
  32  3:30  Baneling x3  
  32  3:37  Baneling  
  32  3:38  Baneling x3  
  32  3:57  Hatchery  
  25  4:42  Spore Crawler  
  24  4:48  Spore Crawler  
  31  5:02  Spore Crawler  
Tags
 
Add a new tag
Caveats
  • Supply blocks, unpowered buildings, or Contaminate may cause inaccurate times.
  • Supply counts are checked every 10 seconds.